 Dungeon Crawl Stone Soup version 0.25.1-2-g60ff931df9 (webtiles) character file.

Game seed: 11745710630818870364

93 MajorAdolf the Chopper (level 4, -1/42 HPs)
             Began as a Naga Wanderer on Oct 6, 2020.
             Slain by a sky beast (5 damage)
             ... on level 2 of the Dungeon.
             The game lasted 00:03:44 (2797 turns).

MajorAdolf the Chopper (Naga Wanderer)              Turns: 2797, Time: 00:03:44

Health: -1/42      AC:  2    Str: 15    XL:     4   Next: 61%
Magic:  7/7        EV:  9    Int: 12    God:
Gold:   43         SH:  0    Dex: 11    Spells: 6/7 levels left

rFire    . . .     SeeInvis +   b - +1 dagger (protect)
rCold    . . .     Gourm    .   (no shield)
rNeg     . . .     Faith    .   d - +0 robe
rPois    +         Spirit   .   (no helmet)
rElec    .         Reflect  .   (no cloak)
rCorr    .         Harm     .   (no gloves)
MR       .....                  (no barding)
Stlth    ++........             (no amulet)
HPRegen  0.14/turn              (no ring)
MPRegen  0.10/turn              (no ring)

@: flying (expiring), very slow
A: large, see invisible, deformed body, poison resistance, slowness 2, slow
metabolism 1, spit poison 1, AC +1
a: Spit Poison


You were on level 2 of the Dungeon.
You were hungry.

You visited 1 branch of the dungeon, and saw 2 of its levels.

You collected 43 gold pieces.

Inventory:

Hand Weapons
 a - a +0 spear
 b - a +1 dagger of protection (weapon)
 k - a +0 hand axe
Missiles
 m - 12 sling bullets
Armour
 d - a +0 robe (worn)
Jewellery
 j - a cursed -4 ring of dexterity {unknown}
Potions
 c - a potion of haste
 e - 3 potions of degeneration
 h - a potion of flight
 i - a potion of heal wounds
Comestibles
 f - 5 rations
 l - 3 chunks of flesh


   Skills:
 - Level 3.1 Fighting
 + Level 3.2 Axes
 - Level 1.0 Throwing
 - Level 1.0 Armour
 - Level 1.5 Stealth
 - Level 2.0 Spellcasting
 - Level 1.0 Air Magic
   Level 2.0 Earth Magic


You had 6 spell levels left.
You knew the following spells:

 Your Spells              Type           Power        Failure   Level  Hunger
a - Shock                 Conj/Air       #...         22%         1    ##.....

Your spell library contained the following spells:

 Spells                   Type           Power        Failure   Level  Hunger
 Corpse Rot               Necr/Air       N/A          32%         2    ###....
 Swiftness                Chrm/Air       #.......     32%         2    ###....
 Sublimation of Blood     Necr           #.........   38%         2    ###....
 Static Discharge         Conj/Air       #.......     54%         3    ####...
 Airstrike                Air            #.........   87%         4    #####..
 Lightning Bolt           Conj/Air       #.........   99%         5    ######.


Dungeon Overview and Level Annotations

Branches:
Dungeon (2/15)

Altars:

Annotations:
D:2 exclusion: sky beast


Innate Abilities, Weirdness & Mutations

You cannot wear boots.
Your serpentine skin is tough. (AC +1)
You have supernaturally acute eyesight. (SInv)
Armour fits poorly on your strangely shaped body.
Your system is resistant to poisons. (rPois)
You cover ground very slowly.
You have a slow metabolism.
You can spit poison.


Message History

The sky beast flickers out of sight for a moment.
The sky beast hits you. The sky beast shocks you.
Things that are here:
a +0 dagger; a goblin skeleton You see here a stone.
Press: ? - help, Shift-Dir - straight line, f/p - sky beast
Aim: a sky beast (heavily wounded, slightly transparent)
The splash of poison misses the sky beast.
You are feeling hungry.
The sky beast barely misses you. The sky beast hits you.
* * * LOW HITPOINT WARNING * * *
The sky beast shocks you.
* * * LOW HITPOINT WARNING * * *
You are starting to lose your buoyancy.
You have got your breath back.
The sky beast hits you.
* * * LOW HITPOINT WARNING * * *
The sky beast shocks you.
You die...

#..............# #..##
#######.###...##### ##.##
#...# #.# #...# #..#
#...###.# #...# ##.#
#.......# #..)## #..
###.#######....# ##.
########............########
#.
#........#.######..........##
#.
#.######.#.()(.Y@...(.......#
#. #.#.#######..#.###### ##
#.#.####.#.# #..#(...# ### #
.........#÷##### #..#.##'##
#÷# # #######..#.#...#
#..#.#...###.# #..#.#(..#
#..###...#...###
#######........#
#..###...#.#.##<
........####...#
#.....#.##.#.##'
###...#.####...#
#...w...##.#....


You could see a sky beast (invisible).

Vanquished Creatures
  A bullfrog zombie (D:2)
  An adder (D:2)
  An ooze (D:2)
  A worm (D:2)
  A dart slug (D:1)
  A leopard gecko (D:2)
  A ball python (D:1)
  5 bats
  2 giant cockroaches
  7 goblins
  3 hobgoblins
  2 jackals (D:1)
  5 kobolds
  2 quokkas (D:2)
  A frilled lizard (D:1)
  4 rats
38 creatures vanquished.

Notes
Turn   | Place    | Note
-------+----------+-------------------------------------------
     0 | D:1      | MajorAdolf the Naga Wanderer began the quest for the Orb.
     0 | D:1      | MajorAdolf set off with the following items: a +0 spear, a
                  | +0 robe, a ration; and the following spell memorised:
                  | Shock; and the following spells available to memorise:
                  | Corpse Rot, Swiftness, Sublimation of Blood, Static
                  | Discharge, Airstrike, Lightning Bolt
     0 | D:1      | Reached XP level 1. HP: 19/19 MP: 3/3
   398 | D:1      | Reached XP level 2. HP: 4/27 MP: 5/5
  1760 | D:2      | Reached skill level 1 in Axes
  1760 | D:2      | Reached XP level 3. HP: 34/34 MP: 6/6
  1960 | D:2      | Reached XP level 4. HP: 38/42 MP: 7/7
  2721 | D:2      | Noticed a sky beast
  2797 | D:2      | Slain by a sky beast

Illustrated notes

Levels and vault maps discovered:
D:1:      nicolae_arrival_somewhat_less_tricky_arrival, layout_basic
D:2:      layout_basic, lemuel_statue_altar

Skill      XL: |  1  2  3  4 |
---------------+-------------+-----
Fighting       | 3 |  3.1
Axes           | 1 2 3 |  3.2
Throwing       | |  1.0
Armour         | |  1.0
Stealth        | |  1.5
Spellcasting   | |  2.0
Air Magic      | |  1.0
Earth Magic    | |  2.0

Action                   |  1- 3 |  4- 6 || total
-------------------------+-------+-------++-------
Melee: Spear             |    21 |       ||    21
       Dagger            |   116 |    71 ||   187
 Abil: Spit Poison       |    11 |    13 ||    24
  Use: Scroll            |       |     4 ||     4
       Potion            |       |     3 ||     3
 Stab: Sleeping          |     1 |       ||     1
  Eat: Chunk             |     3 |     2 ||     5
Armor: Robe              |    55 |    43 ||    98
Dodge: Dodged            |    80 |    49 ||   129
